 Dungeon Crawl Stone Soup version 0.28-a0-422-gd71735cc25 (webtiles) character file.

Game seed: 8821543155033743698

98 Mesmaeker13 the Caller (level 4, 0/30 HPs)
             Began as a Barachi Summoner on Sept 7, 2021.
             Slain by an orc (1 damage)
             ... on level 3 of the Dungeon on Sept 8, 2021.
             The game lasted 00:05:58 (4017 turns).

Mesmaeker13 the Caller (Barachi Summoner)           Turns: 4017, Time: 00:05:59

Health: 0/30       AC:  2    Str:  9    XL:     4   Next: 71%
Magic:  0/8        EV: 13    Int: 16    God:
Gold:   58         SH:  0    Dex: 13    Spells: 3/9 levels left

rFire   . . .      SeeInvis .   d - +1 dagger (freeze)
rCold   . . .      Faith    .   (no shield)
rNeg    . . .      Spirit   .   a - +0 robe
rPois   .          Reflect  .   (no helmet)
rElec   .          Harm     .   (no cloak)
rCorr   .          Rampage  .   (no gloves)
Will    .....                   (no boots)
Stlth   ++........              (no amulet)
HPRegen 0.10/turn               (no ring)
MPRegen 0.11/turn               (no ring)

@: slow
A: amphibious, slowness 1, strong legs 1, +LOS
a: Hop


You were on level 3 of the Dungeon.
You visited 1 branch of the dungeon, and saw 3 of its levels.

You collected 58 gold pieces.

Inventory:

Hand Weapons
 b - a +0 dagger of holy wrath
 d - a +1 dagger of freezing (weapon)
Armour
 a - a +0 robe (worn)
Scrolls
 c - a scroll of noise {unknown}
 e - a scroll of enchant weapon {unknown}
 f - a scroll of magic mapping {unknown}
 g - a scroll of amnesia {unknown}
 i - a scroll of vulnerability {unknown}
 j - a scroll of identify {unknown}
Potions
 h - a potion of flight


   Skills:
 + Level 3.4 Dodging
 - Level 1.7 Stealth
 + Level 3.3 Spellcasting
 + Level 5.7 Summonings


You had 3 spell levels left.
You knew the following spells:

 Your Spells              Type           Power      Damage    Failure   Level
a - Summon Small Mammal   Summ           84%        N/A       1%          1
b - Call Imp              Summ           21%        N/A       2%          2
c - Call Canine Familiar  Summ           21%        N/A       5%          3

Your spell library contained the following spells:

 Spells                   Type           Power      Damage    Failure   Level
 Summon Guardian Golem    Hex/Summ       11%        N/A       17%         3
 Ozocubu's Armour         Ice            2%         N/A       50%         3
 Summon Lightning Spire   Summ/Air       11%        N/A       50%         4
 Ozocubu's Refrigeration  Ice            1%         4d5       100%        7


Dungeon Overview and Level Annotations

Branches:
Dungeon (3/15)

Altars:
Trog

Annotations:
D:2 Sigmund


Innate Abilities, Weirdness & Mutations

You are amphibious.
You cover ground slowly.
You can hop short distances.
You have an extended range of vision and can be seen from far away.


Message History

You closely miss the adder.
The adder is moderately wounded.
You feel very sick. The adder barely misses you.
Your crimson imp barely misses the orc.
You hit the adder. You freeze the adder.
The adder is heavily wounded.
You feel sick. The adder closely misses you.
Your crimson imp closely misses the orc.
You hit the adder. You freeze the adder.
The adder is almost dead.
You feel sick. The adder bites you.
Your crimson imp barely misses the orc.
The adder bites you but does no damage.
You barely miss the adder.
The adder is almost dead.
You feel sick.
Your crimson imp barely misses the orc.
The adder bites you.
* * * LOW HITPOINT WARNING * * *
Unknown command.
You feel sick.
The adder bites your hound but does no damage.
Your hound bites the adder.
The adder dies!
You feel sick.
Your hound looks more healthy.
You feel sick.
Your hound disappears in a puff of smoke!
You feel sick.
You are no longer poisoned.
You barely miss the orc. The orc closely misses you.
Your crimson imp blinks!
You closely miss the orc. The orc hits you with a +0 club.
* * * LOW HITPOINT WARNING * * *
You barely miss the orc. The orc barely misses you.
Unknown command.
There is a stone staircase leading up, spattered with blood here.
Things that are here:
a +0 trident; a +0 short sword; a +2 antimagic dagger
Casting: Call Canine Familiar (dangerous; 5% risk of failure)
Confirm with . or Enter, or press ? or * to list all spells.
The orc hits you with a +0 club.
You die...

.........# #####..#
#.# ≈....≈...#
#......# #.#
.........# #.##.###
#.# .........#
#.##.# #.#
...##....# #.##.#
... ###.## #.##.# ..
##†# #.##..
##..###########.####
#.....5....o@.h...#
#.####.########...#
#.# #†# .....# #.#
#5# .8...8.# #.# #.#
#.......#
#####.####)#
#.......#
..o.o.o.§).#
##.._..##
.....S###### ##...##
####### #####


You could see an orc (ally target), a friendly hound (summoned) and a friendly
crimson imp (summoned).

Vanquished Creatures
  A gnoll (D:3)
  A worm (D:2)
  2 orcs (D:3)
  2 ball pythons (D:1)
  An endoplasm (D:1)
  4 giant cockroaches
  A goblin (D:2)
  3 hobgoblins
  2 kobolds
  3 quokkas (D:2)
  4 bats
  4 frilled lizards
  3 rats
31 creatures vanquished.

Vanquished Creatures (collateral kills)
  2 adders
  6 orcs (D:3)
  A ball python (D:1)
  An endoplasm (D:1)
  2 goblins
  4 jackals (D:2)
  2 quokkas (D:1)
  A frilled lizard (D:3)
  5 kobolds
  A rat (D:1)
25 creatures vanquished.

Grand Total: 56 creatures vanquished

Notes
Turn   | Place    | Note
-------+----------+-------------------------------------------
     0 | D:1      | Mesmaeker13 the Barachi Summoner began the quest for the
                  | Orb.
     0 | D:1      | Reached XP level 1. HP: 13/13 MP: 3/3
   644 | D:1      | Upgraded the game from 0.28-a0-413-gde365fb1df to
                  | 0.28-a0-422-gd71735cc25
   817 | D:1      | Reached skill level 5 in Summonings
   862 | D:1      | Reached XP level 2. HP: 19/19 MP: 5/5
  1253 | D:1      | You fall into a shaft and drop 1 floor!
  1264 | D:2      | Learned a level 2 spell: Call Imp
  1459 | D:2      | Noticed Sigmund
  2263 | D:2      | Reached XP level 3. HP: 24/24 MP: 7/7
  2270 | D:2      | Learned a level 3 spell: Call Canine Familiar
  3066 | D:3      | Found a bloodstained altar of Trog.
  3089 | D:3      | Reached XP level 4. HP: 19/30 MP: 3/8
  3091 | D:3      | HP: 1/30 [orc (9)]
  4014 | D:3      | HP: 1/30 [orc (3)]
  4017 | D:3      | Slain by an orc

Illustrated notes

Levels and vault maps discovered:
D:1:      psy_arrival_terrarium, layout_basic
D:2:      layout_loops_ring, uniq_sigmund
D:3:      gammafunk_wand_slinger, layout_loops_ring, trog_antimagical,
          skrybe_limestone_x

Skill      XL: |  1  2  3 |
---------------+----------+-----
Summonings     | 5 |  5.7
Dodging        | 3 |  3.4
Spellcasting   | 3 |  3.3
Stealth        | |  1.7

Action                   |  1- 3 |  4- 6 || total
-------------------------+-------+-------++-------
Melee: Dagger            |    90 |    31 ||   121
 Cast: Summon Small Mamm |    24 |     2 ||    26
       Call Imp          |    18 |    12 ||    30
       Call Canine Famil |     2 |     7 ||     9
  Use: Potion            |     3 |       ||     3
 Stab: Sleeping          |     4 |       ||     4
       Distracted        |     1 |       ||     1
Armor: Robe              |    17 |    12 ||    29
Dodge: Dodged            |    73 |    40 ||   113

Table legend: (Time is in decaauts)
 A = Elapsed time spent in this place.
 B = Non-inter-level travel time spent in this place.
 C = Inter-level travel time spent in this place.
 D = Time resting spent in this place.
 E = Time spent auto-exploring this place.
 F = Levels seen in this place.
 G = Mean time per level.
                   A        B        C        D        E       F      G
               +--------+--------+--------+--------+--------+-----+--------+
         Total |   4333 |   4273 |     60 |   1507 |   1812 |   3 | 1444.3 |
       Dungeon |   4333 |   4273 |     60 |   1507 |   1812 |   3 | 1444.3 |
               +--------+--------+--------+--------+--------+-----+--------+

Top non-repeatable levels by time:
     D:1: 2229 daAuts
     D:2: 1105 daAuts
     D:3: 997 daAuts
